 Dungeon Crawl Stone Soup version 0.31-a0-175-g9f7f995f2b (webtiles) character file.

Game seed: 13493015585790848191

28515 qw the Marksgargoyle (level 13, -10/85 HPs)
             Began as a Gargoyle Hunter on June 16, 2023.
             Was an Elder of Okawaru.
             Mangled by Rupert
             ... wielding a +3 great mace of venom
              (15 damage)
             ... on level 3 of the Lair of Beasts.
             The game lasted 00:07:49 (13608 turns).

qw the Marksgargoyle (Gargoyle Hunter)             Turns: 13608, Time: 00:07:49

Health: -10/85     AC: 28    Str: 13    XL:     13   Next: 39%
Magic:  20/20      EV: 18    Int:  9    God:    Okawaru [****..]
Gold:   964        SH:  4    Dex: 17    Spells: 12/12 levels left

rFire   + + .        Y - +1 orcbow
rCold   . . .        (shield currently unavailable)
rNeg    + . .        u - +0 troll leather armour
rPois   inf          b - +2 hat
rElec   +            d - +2 cloak
rCorr   .            (no gloves)
SInv    .            o - +0 pair of boots of Weirdness {rElec rPois rF++ Int-2}
Will    +....        s - amulet of the acrobat
Stlth   +++          l - +4 ring of protection
HPRegen 1.14/turn    m - ring of willpower
MPRegen 0.17/turn

%: acrobat
@: about to teleport, heroic
A: sickness immunity, AC +9, negative energy resistance 1, electricity
resistance, torment resistance 1, petrification resistance, iridescent scales 1,
large bone plates 1, weak 1
a: Renounce Religion, Heroism, Finesse


You were on level 3 of the Lair of Beasts.
You worshipped Okawaru.
Okawaru was greatly pleased with you.
You visited 3 branches of the dungeon, and saw 15 of its levels.
You also visited: Ossuary.

You collected 964 gold pieces.


Innate Abilities, Weirdness & Mutations

You are immune to sickness and miasma.
Your stone body is resilient. (AC +9)
You are immune to poison.
You resist negative energy. (rN+)
You are resistant to electric shocks. (rElec)
You are resistant to unholy torment.
You are immune to petrification.
You are partially covered in iridescent scales. (AC +2)
You are partially covered in large bone plates. (SH +4)
You are weak. (Str -2)


   Skills:
 + Level 11.7(16.7) Fighting
 - Level 16.0(21.0) Ranged Weapons
 - Level 5.0(10.0) Armour
 - Level 6.0(11.0) Dodging
 - Level 1.1(6.1) Stealth
 - Level 10.0 Invocations


You had 12 spell levels left.
You didn't know any spells.
Your spell library was empty.

Inventory:

Hand Weapons
 Y - a +1 orcbow (weapon)
Armour
 b - a +2 hat (worn)
 d - a +2 cloak (worn)
 f - a +1 leather armour of cold resistance
 o - the +0 pair of boots of Weirdness (worn) {rElec rPois rF++ Int-2}
   (You found it on level 4 of the Dungeon)

   Int:       It affects your intelligence (-2).
   rF:        It greatly protects you from fire.
   rElec:     It insulates you from electricity.
   rPois:     It protects you from poison.
 p - a +2 ring mail of fire resistance
 r - a +1 pair of boots
 u - a +0 troll leather armour (worn)
Jewellery
 c - an amulet of guardian spirit
 i - a ring of resist corrosion
 l - a +4 ring of protection (left hand)
 m - a ring of willpower (right hand)
 s - an amulet of the acrobat (around neck)
Scrolls
 a - 6 scrolls of identify
 q - 4 scrolls of enchant armour
 w - a scroll of teleportation
Potions
 e - 3 potions of cancellation
 g - a potion of haste
 h - 2 potions of might
 j - 4 potions of curing
 k - 2 potions of mutation
 n - a potion of resistance
 t - 2 potions of attraction

Dungeon Overview and Level Annotations

Branches:
Dungeon (11/15)            Temple (1/1) D:5            Lair (3/5) D:11
  Snake (0/4) Lair:3          Orc (0/2) D:9         Ossuary (visited)
  Swamp: Lair:2-3    Shoals: Lair:2-3

Altars:
Ashenzari
Cheibriados
Dithmenos
Elyvilon
Fedhas
Gozag
Hepliaklqana
Kikubaaqudgha
Makhleb
Nemelex Xobeh
Okawaru
Qazlal
Ru
Sif Muna
Trog
Uskayaw
Vehumet
Wu Jian
Xom
Yredelemnul
Zin
The Shining One

Annotations:
Lair:3 Rupert


Message History

You shoot an arrow. The arrow barely misses Rupert.
You shoot an arrow. The arrow hits Rupert!!
Rupert is moderately wounded.
You shoot an arrow. The arrow barely misses Rupert.
You shoot an arrow.
The arrow hits Rupert but does no damage.
Rupert is moderately wounded.
Rupert yells loudly at you.
You easily resist.
You shoot an arrow. The arrow hits Rupert!
Rupert is heavily wounded.
Rupert yells loudly at you.
You are confused.
13602 ||| DRINKING 5 potions of curing.
You feel better.
13602 ||| (to cure confusion) Rupert looks excited.
Rupert roars madly and goes into a rage!
Rupert goes berserk!
You shoot an arrow.
The arrow hits Rupert but does no damage.
Rupert is heavily wounded.
Rupert hits you with a +3 great mace of venom.
You shoot an arrow. The arrow barely misses Rupert.
Rupert hits you with a +3 great mace of venom!!
You shoot an arrow. The arrow hits Rupert.
Rupert is heavily wounded.
You block Rupert's attack.
You shoot an arrow. The arrow hits Rupert!
Rupert is heavily wounded.
Rupert hits you with a +3 great mace of venom.
You shoot an arrow.
The arrow hits Rupert but does no damage.
Rupert is heavily wounded.
Rupert hits you with a +3 great mace of venom!!
13608 ||| READING 2 scrolls of teleportation.
As you read the scroll of teleportation, it crumbles to dust.
You feel strangely unstable. Rupert barely misses you.
Rupert hits you with a +3 great mace of venom!
You die...

...#. ##.P ##....#..# ....
#..###......... #... #..##.........#
###..# ####...........# .#
#....###.###.....#.%)## ...
#.....)....:#.#####.)## ...
###...###..########.%.# ..
#..)....#..####......##
##.#.#.....@@#....#.........#.#..P###
................#####.#
......#.......#..P##.#
...P..#.......#..####
...P#.###...###### ..#### #.... .#
#...#.


You could see Rupert (berserk).

Vanquished Creatures
  Gastronok (D:11)
  Harold (Lair:1)
  2 two-headed ogres
  2 boulder beetles
  A tengu warrior (D:10)
  2 manticores
  An ugly thing (D:9)
  2 cyclopes
  4 black mambas
  7 cane toads
  5 komodo dragons
  A kobold demonologist (D:10)
  A wind drake (Lair:3)
  Grinder (D:3)
  2 trolls
  A hornet (D:11)
  A slime creature (D:7)
  3 wraiths
  A wyvern (D:10)
  30 yaks
  4 basilisks
  4 steam dragons
  4 nagas (Lair:3)
  Edmund (D:6)
  12 water moccasins
  Duvessa (D:5)
  3 black bears
  3 ice beasts
  10 orc warriors
  A swamp drake (D:11)
  3 sky beasts (D:7)
  9 wolves
  5 ogres
  9 centaurs
  4 phantoms
  2 kobold brigands
  A gnoll sergeant (D:7)
  8 bullfrogs
  11 scorpions
  9 wights
  Dowan (D:5)
  13 killer bees
  An electric eel (Lair:2)
  6 howler monkeys
  3 centaur zombies (Ossuary)
  2 human zombies (Ossuary)
  10 orc priests
  5 hounds
  3 jellies
  A sleepcap (D:7)
  3 iguanas
  15 orc wizards
  3 scorpion zombies (Ossuary)
  4 mummies
  5 gnolls (D:7)
  8 adders
  A shadow imp (D:6)
  2 white imps
  2 ufetubi
  A worm (D:2)
  2 dart slugs
  54 orcs
  5 endoplasms
  3 giant cockroaches
  3 gnoll zombies (Ossuary)
  4 goblins
  6 hobgoblins
  3 jackals (D:4)
  4 quokkas
  7 ball pythons
  2 frilled lizards
  A goblin zombie (Ossuary)
  A hobgoblin zombie (Ossuary)
  13 kobolds
  A kobold zombie (Ossuary)
  2 orc zombies (Ossuary)
  2 rats (D:2)
375 creatures vanquished.

Vanquished Creatures (others)
  A shadow (D:7)
1 creature vanquished.

Grand Total: 376 creatures vanquished

Notes
Turn   | Place    | Note
-------+----------+-------------------------------------------
     0 | D:1      | qw the Gargoyle Hunter began the quest for the Orb.
     0 | D:1      | Reached XP level 1. HP: 12/12 MP: 1/1
     0 | D:1      | 0 ||| qw: Version: 0.2-a-29-g511e9b1
     0 | D:1      | 0 ||| qw: Game counter: 5664
     0 | D:1      | 0 ||| qw: Always use a shield: true
     0 | D:1      | 0 ||| qw: God list: Okawaru
     0 | D:1      | 0 ||| qw: Allow faded altars: false
     0 | D:1      | 0 ||| qw: Do Orc after D:15 true
     0 | D:1      | 0 ||| qw: Do second Lair branch before Depths: true
     0 | D:1      | 0 ||| qw: Lair rune preference: random
     0 | D:1      | 0 ||| qw: Plans: Normal, Zot:1-4, Slime:5, God:TSO, Crypt,
                  | Tomb, Abyss, Pan, Hells, Win
     0 | D:1      | 0 ||| PLANNING D:1-11
   192 | D:1      | Reached XP level 2. HP: 17/17 MP: 2/2
   532 | D:1      | 532 ||| DROPPING ring of magical power.
   533 | D:1      | 533 ||| READING 2 scrolls labelled WAMEUCEESCH.
   534 | D:1      | 534 ||| READING 2 scrolls labelled GACHEG YLYG.
   535 | D:1      | 535 ||| READING scroll labelled XURIMA ICEE.
   536 | D:1      | 536 ||| READING scroll labelled PEHAAZX FENNA.
   548 | D:1      | 548 ||| DRINKING 2 brown potions.
   549 | D:1      | 549 ||| DROPPING scroll of butterflies.
   611 | D:2      | Reached XP level 3. HP: 17/21 MP: 3/3
   665 | D:2      | Reached skill level 5 in Ranged Weapons
   923 | D:2      | Found a faded altar of an unknown god.
  1009 | D:2      | Reached skill level 3 in Fighting
  1202 | D:2      | 1202 ||| UPGRADING to +0 cloak.
  1207 | D:2      | 1207 ||| UPGRADING to +0 ring mail.
  1217 | D:2      | 1217 ||| DROPPING +0 leather armour.
  1218 | D:2      | 1218 ||| READING scroll of enchant armour.
  1218 | D:2      | 1218 ||| ENCHANTING +0 cloak.
  1219 | D:2      | 1219 ||| UPGRADING to +4 ring of protection.
  1220 | D:2      | 1220 ||| UPGRADING to ring of willpower.
  1221 | D:2      | 1221 ||| READING scroll labelled XAIXTI ROPNI.
  1222 | D:2      | 1222 ||| READING scroll labelled KAINIBB FIDON.
  1223 | D:2      | 1223 ||| READING 2 scrolls of identify.
  1223 | D:2      | 1223 ||| IDENTIFYING golden potion
  1268 | D:3      | Reached skill level 1 in Armour
  1268 | D:3      | Reached XP level 4. HP: 19/28 MP: 4/4
  1462 | D:3      | Reached XP level 5. HP: 31/32 MP: 5/5
  1623 | D:3      | 1623 ||| READING scroll of enchant armour.
  1623 | D:3      | 1623 ||| ENCHANTING +1 cloak.
  1632 | D:3      | Noticed Grinder
  1660 | D:3      | Killed Grinder
  1661 | D:3      | Reached skill level 7 in Ranged Weapons
  1661 | D:3      | Reached XP level 6. HP: 37/37 MP: 6/6
  2036 | D:3      | 2036 ||| READING scroll labelled GEEFFOQAVE.
  2040 | D:3      | 2040 ||| READING scroll labelled QOREUL XEZYSSE.
  2041 | D:3      | 2041 ||| READING scroll labelled FIMETEHIEXT.
  2246 | D:4      | Identified the +0 pair of boots of Weirdness {rElec rPois
                  | rF++ Int-2}
  2484 | D:4      | 2484 ||| UPGRADING to +0 pair of boots of Weirdness {rElec
                  | rPois rF++ Int-2}.
  2489 | D:4      | 2489 ||| READING scroll labelled PAMNICA NICKEI.
  2490 | D:4      | 2490 ||| READING scroll labelled QECKUPPUPS.
  2503 | D:5      | Entered Level 5 of the Dungeon
  2582 | D:5      | Reached XP level 7. HP: 30/44 MP: 7/7
  2894 | D:5      | Reached skill level 8 in Ranged Weapons
  2987 | D:5      | Found a staircase to the Ecumenical Temple.
  2988 | D:5      | 2988 ||| PLANNING TEMPLE
  2988 | D:5      | 2988 ||| UPGRADING to amulet of guardian spirit.
  2993 | D:5      | 2993 ||| DRINKING 2 bubbling golden potions.
  2993 | D:5      | Gained mutation: You are partially covered in large bone
                  | plates. (SH +4) [potion of mutation]
  2993 | D:5      | Gained mutation: You are partially covered in iridescent
                  | scales. (AC +2) [potion of mutation]
  2994 | D:5      | 2994 ||| READING 2 scrolls of identify.
  2994 | D:5      | 2994 ||| IDENTIFYING gluggy blue potion
  2995 | D:5      | 2995 ||| DROPPING potion of brilliance.
  3032 | Temple   | Entered the Ecumenical Temple
  3063 | Temple   | 3063 ||| PLANNING OKAWARU WORSHIP
  3429 | Temple   | Became a worshipper of Warmaster Okawaru
  3430 | Temple   | 3430 ||| PLANNING D:1-11
  3430 | Temple   | 3430 ||| REMOVING amulet of guardian spirit.
  3463 | D:5      | Noticed Dowan
  3464 | D:5      | Noticed Duvessa
  3474 | D:5      | Killed Duvessa
  3475 | D:5      | Reached XP level 8. HP: 49/49 MP: 8/8
  3488 | D:5      | Killed Dowan
  3889 | D:6      | Reached skill level 9 in Ranged Weapons
  3974 | D:6      | Reached * piety under Okawaru
  4065 | D:6      | Reached skill level 1 in Invocations
  4109 | D:6      | 4109 ||| INVOKING Heroism.
  4115 | D:6      | Reached skill level 6 in Fighting
  4205 | D:6      | Found a snail-covered altar of Cheibriados.
  4207 | D:6      | 4207 ||| UPGRADING to +0 orcbow.
  4208 | D:6      | 4208 ||| DROPPING +0 shortbow.
  4293 | D:6      | Noticed Edmund
  4294 | D:6      | 4294 ||| INVOKING Heroism.
  4304 | D:6      | Killed Edmund
  4320 | D:6      | Reached XP level 9. HP: 55/55 MP: 10/10
  4336 | D:6      | 4336 ||| INVOKING Heroism.
  4339 | D:6      | Reached skill level 3 in Invocations
  4453 | D:6      | 4453 ||| INVOKING Heroism.
  4459 | D:6      | Reached skill level 10 in Ranged Weapons
  4475 | D:6      | Reached skill level 3 in Armour
  4500 | D:6      | Noticed a two-headed ogre
  4506 | D:6      | 4506 ||| UPGRADING to amulet of the acrobat.
  4511 | D:6      | 4511 ||| READING 3 scrolls of identify.
  4511 | D:6      | 4511 ||| IDENTIFYING amethyst potion
  4512 | D:6      | 4512 ||| READING 2 scrolls of identify.
  4512 | D:6      | 4512 ||| IDENTIFYING fuming puce potion
  4513 | D:6      | 4513 ||| DROPPING potion of ambrosia.
  4514 | D:6      | 4514 ||| DROPPING potion of invisibility.
  4525 | D:6      | 4525 ||| INVOKING Heroism.
  4547 | D:6      | 4547 ||| INVOKING Heroism.
  4549 | D:6      | Killed a two-headed ogre
  4549 | D:6      | Reached ** piety under Okawaru
  4582 | D:6      | 4582 ||| INVOKING Heroism.
  4741 | D:6      | 4741 ||| READING 2 scrolls of identify.
  4741 | D:6      | 4741 ||| IDENTIFYING grey potion
  4903 | D:7      | 4903 ||| INVOKING Heroism.
  4932 | D:7      | Noticed a cyclops
  4933 | D:7      | 4933 ||| INVOKING Heroism.
  4945 | D:7      | Reached skill level 11 in Ranged Weapons
  4945 | D:7      | Reached XP level 10. HP: 65/65 MP: 11/13
  4950 | D:7      | 4950 ||| INVOKING Heroism.
  4960 | D:7      | Reached skill level 3 in Dodging
  4964 | D:7      | 4964 ||| INVOKING Heroism.
  4966 | D:7      | Killed a cyclops
  5055 | D:7      | 5055 ||| INVOKING Heroism.
  5081 | D:7      | 5081 ||| INVOKING Heroism.
  5113 | D:7      | Identified the +7 scale mail of Rotation {Int+6}
  5114 | D:7      | Reached skill level 12 in Ranged Weapons
  5114 | D:7      | 5114 ||| INVOKING Heroism.
  5369 | D:7      | Identified the +1 leather armour "Bebitoq" {Str+3}
  5469 | D:7      | 5469 ||| INVOKING Heroism.
  5608 | D:7      | Reached *** piety under Okawaru
  5850 | D:7      | Reached skill level 13 in Ranged Weapons
  6136 | D:7      | 6136 ||| UPGRADING to +0 steam dragon scales.
  6146 | D:7      | 6146 ||| UPGRADING to +1 leather armour of cold resistance.
  6156 | D:7      | 6156 ||| DROPPING +0 ring mail.
  6157 | D:7      | 6157 ||| DROPPING +1 leather armour "Bebitoq" {Str+3}.
  6158 | D:7      | 6158 ||| READING scroll labelled LUEPHIYCR RALU.
  6159 | D:7      | 6159 ||| READING 3 scrolls of identify.
  6159 | D:7      | 6159 ||| IDENTIFYING metallic inky potion
  6160 | D:7      | 6160 ||| READING 2 scrolls of identify.
  6160 | D:7      | 6160 ||| IDENTIFYING black potion
  6161 | D:7      | 6161 ||| DROPPING potion of berserk rage.
  6207 | D:8      | 6207 ||| PLANNING OSSUARY
  6218 | D:8      | 6218 ||| STAIRDANCE
  6280 | D:8      | 6280 ||| STAIRDANCE
  6318 | D:8      | 6318 ||| INVOKING Heroism.
  6450 | D:8      | Found a sand-covered staircase.
  6458 | Ossuary  | Entered an ossuary
  6543 | Ossuary  | Reached XP level 11. HP: 69/69 MP: 14/14
  6589 | Ossuary  | Reached skill level 9 in Fighting
  6784 | Ossuary  | 6784 ||| READING scroll labelled AKICZABROU.
  6785 | Ossuary  | 6785 ||| READING 3 scrolls of identify.
  6785 | Ossuary  | 6785 ||| IDENTIFYING sapphire potion
  6838 | D:8      | 6838 ||| PLANNING D:1-11
  7015 | D:8      | 7015 ||| INVOKING Heroism.
  7039 | D:8      | Reached **** piety under Okawaru
  7098 | D:8      | 7098 ||| INVOKING Heroism.
  7104 | D:8      | Received a gift from Okawaru
  7223 | D:8      | 7223 ||| INVOKING Heroism.
  7452 | D:8      | 7452 ||| Stepping ~*~*~tactically~*~*~ (outnumbered).
  7883 | D:8      | 7883 ||| READING scroll labelled WUUPSE QIEQE.
  7915 | D:9      | 7915 ||| Stepping ~*~*~tactically~*~*~ (outnumbered).
  7945 | D:9      | 7945 ||| INVOKING Heroism.
  8063 | D:9      | Found a staircase to the Orcish Mines.
  8070 | D:9      | 8070 ||| FLEEEEING.
  8149 | D:9      | 8149 ||| INVOKING Heroism.
  8180 | D:9      | 8180 ||| INVOKING Heroism.
  8409 | D:9      | Reached skill level 14 in Ranged Weapons
  8431 | D:9      | 8431 ||| INVOKING Heroism.
  8449 | D:9      | 8449 ||| INVOKING Heroism.
  8505 | D:9      | 8505 ||| FLEEEEING.
  8506 | D:9      | 8506 ||| FLEEEEING.
  8507 | D:9      | 8507 ||| FLEEEEING.
  8508 | D:9      | 8508 ||| STAIRDANCE
  8704 | D:9      | Noticed a brown ugly thing
  8706 | D:9      | 8706 ||| INVOKING Heroism.
  8716 | D:9      | Killed a brown ugly thing
  9181 | D:9      | 9181 ||| DROPPING +0 steam dragon scales.
  9182 | D:9      | 9182 ||| UPGRADING to +4 ring mail.
  9192 | D:9      | 9192 ||| UPGRADING to +0 troll leather armour.
  9202 | D:9      | 9202 ||| DROPPING +4 ring mail.
  9235 | D:10     | Entered Level 10 of the Dungeon
  9266 | D:10     | Found a shimmering altar of Xom.
  9283 | D:10     | Gained mutation: You are weak. (Str -2) [a neqoxec]
  9346 | D:10     | 9346 ||| INVOKING Heroism.
  9369 | D:10     | 9369 ||| INVOKING Heroism.
  9446 | D:10     | 9446 ||| INVOKING Heroism.
  9451 | D:10     | Noticed a tengu warrior
  9461 | D:10     | Noticed a manticore
  9472 | D:10     | 9472 ||| INVOKING Heroism.
  9479 | D:10     | HP: 16/72 [manticore (14)]
  9480 | D:10     | 9480 ||| READING 4 scrolls of teleportation.
  9480 | D:10     | HP: 1/72 [manticore (17)]
  9481 | D:10     | 9481 ||| DRINKING 4 potions of heal wounds.
  9482 | D:10     | 9482 ||| DRINKING 3 potions of heal wounds.
  9700 | D:10     | 9700 ||| INVOKING Heroism.
  9711 | D:10     | Killed a manticore
  9789 | D:10     | 9789 ||| INVOKING Heroism.
  9821 | D:10     | Killed a tengu warrior
  9822 | D:10     | Reached skill level 15 in Ranged Weapons
 10110 | D:11     | Noticed a boulder beetle
 10111 | D:11     | 10111 ||| INVOKING Heroism.
 10132 | D:11     | Killed a boulder beetle
 10160 | D:11     | Noticed a cyclops
 10161 | D:11     | 10161 ||| INVOKING Heroism.
 10167 | D:11     | Killed a cyclops
 10168 | D:11     | Reached XP level 12. HP: 77/77 MP: 12/15
 10170 | D:11     | Noticed Gastronok
 10185 | D:11     | 10185 ||| INVOKING Heroism.
 10187 | D:11     | Killed Gastronok
 10526 | D:11     | 10526 ||| INVOKING Heroism.
 10604 | D:11     | 10604 ||| INVOKING Heroism.
 10632 | D:11     | Found a staircase to the Lair.
 10828 | D:11     | Found a snail-covered altar of Cheibriados.
 11073 | D:11     | Noticed a two-headed ogre
 11081 | D:11     | Killed a two-headed ogre
 11148 | D:11     | 11148 ||| PLANNING LAIR
 11148 | D:11     | 11148 ||| UPGRADING to +1 hat.
 11153 | D:11     | 11153 ||| READING 4 scrolls of enchant armour.
 11153 | D:11     | 11153 ||| ENCHANTING +1 hat.
 11356 | Lair:1   | Entered Level 1 of the Lair of Beasts
 11357 | Lair:1   | 11357 ||| INVOKING Heroism.
 11394 | Lair:1   | 11394 ||| STAIRDANCE
 11394 | Lair:1   | HP: 19/77 [cane toad (12)]
 11396 | D:11     | 11396 ||| INVOKING Heroism.
 11399 | D:11     | HP: 19/77 [cane toad (6)]
 11400 | D:11     | 11400 ||| READING 3 scrolls of teleportation.
 11405 | D:11     | HP: 17/77 [yak (6)]
 11406 | D:11     | 11406 ||| DRINKING 2 potions of heal wounds.
 11584 | D:11     | Reached skill level 6 in Invocations
 11585 | D:11     | 11585 ||| INVOKING Heroism.
 11605 | D:11     | Reached skill level 16 in Ranged Weapons
 11614 | Lair:1   | 11614 ||| STAIRDANCE
 11616 | D:11     | 11616 ||| INVOKING Heroism.
 11701 | Lair:1   | Noticed Harold
 11702 | Lair:1   | 11702 ||| INVOKING Heroism.
 11724 | Lair:1   | HP: 13/79 [cane toad (11)]
 11725 | Lair:1   | 11725 ||| READING 2 scrolls of teleportation.
 11726 | Lair:1   | 11726 ||| DRINKING potion of heal wounds.
 12107 | Lair:1   | 12107 ||| INVOKING Heroism.
 12119 | Lair:1   | Killed Harold
 12372 | Lair:1   | 12372 ||| DRINKING 2 fuming dark potions.
 12436 | Lair:2   | Found a stormy altar of Qazlal.
 12441 | Lair:2   | 12441 ||| Stepping ~*~*~tactically~*~*~ (outnumbered).
 12445 | Lair:2   | 12445 ||| Stepping ~*~*~tactically~*~*~ (outnumbered).
 12546 | Lair:2   | Reached ***** piety under Okawaru
 12588 | Lair:2   | 12588 ||| INVOKING Heroism.
 12643 | Lair:2   | Reached XP level 13. HP: 84/84 MP: 19/19
 12660 | Lair:2   | 12660 ||| INVOKING Heroism.
 12661 | Lair:2   | 12661 ||| INVOKING Finesse.
 12784 | Lair:2   | 12784 ||| INVOKING Heroism.
 12791 | Lair:2   | 12791 ||| Stepping ~*~*~tactically~*~*~ (water).
 12901 | Lair:2   | Reached skill level 6 in Dodging
 12929 | Lair:2   | Reached skill level 9 in Invocations
 13416 | Lair:3   | 13416 ||| INVOKING Heroism.
 13504 | Lair:3   | Found a staircase to the Snake Pit.
 13506 | Lair:3   | 13506 ||| INVOKING Heroism.
 13510 | Lair:3   | 13510 ||| Stepping ~*~*~tactically~*~*~ (outnumbered).
 13544 | Lair:3   | Noticed Rupert
 13545 | Lair:3   | 13545 ||| INVOKING Finesse.
 13582 | Lair:3   | 13582 ||| INVOKING Heroism.
 13592 | Lair:3   | 13592 ||| FLEEEEING.
 13593 | Lair:3   | 13593 ||| FLEEEEING.
 13594 | Lair:3   | 13594 ||| FLEEEEING.
 13602 | Lair:3   | 13602 ||| DRINKING 5 potions of curing.
 13602 | Lair:3   | 13602 ||| (to cure confusion)
 13607 | Lair:3   | HP: 4/85 [Rupert/+3 great mace of venom (26)]
 13608 | Lair:3   | 13608 ||| READING 2 scrolls of teleportation.
 13608 | Lair:3   | Mangled by Rupert

Levels and vault maps discovered:
D:1:      lemuel_arrival_lava_pool, layout_rooms, fountainhead
D:2:      layout_basic, basic_ecumenical_altar
D:3:      layout_loops_ring, serial_forest, infiniplex_forest_zigzag_1,
          infiniplex_forest_corner_2, infiniplex_forest_end_1,
          infiniplex_forest_lined_3, infiniplex_forest_clump_curved,
          infiniplex_forest_end_1, uniq_grinder
D:4:      layout_cave_pools
D:5:      layout_basic, minmay_temple_entry_trees, uniq_duvessa
D:6:      minmay_chambers_of_fours, layout_rooms, mainiacjoe_overflow_alcove_2,
          nrook_loot_triangle, uniq_edmund
D:7:      layout_basic, minmay_the_grid_2x2 [minmay_the_grid_minigrid_small,
          minmay_the_grid_zigzag_pyramid, minmay_the_grid_tiny_cups,
          minmay_the_grid_prize_trominoes]
D:8:      layout_layer_cave, chequers_ossuary_entry_cave,
          chequers_serial_rivers_marsh
D:9:      layout_cave_pods, hiddenorc2_lemuel
D:10:     layout_irregular_city, mainiacjoe_overflow_chevrons, minivault_20,
          nicolae_letterblocks [nicolae_letter_subblock,
          nicolae_letter_subblock, nicolae_letter_subblock,
          nicolae_letter_subblock, nicolae_letter_subblock,
          nicolae_letter_subblock, nicolae_letter_subblock,
          nicolae_letter_subblock, nicolae_letter_subblock,
          nicolae_letter_subblock, nicolae_letter_subblock,
          nicolae_letter_subblock, nicolae_letter_subblock,
          nicolae_letter_subblock, nicolae_letter_subblock,
          nicolae_letter_subblock, nicolae_letter_subblock,
          nicolae_letter_subblock, nicolae_letter_subblock,
          nicolae_letter_subblock, nicolae_letter_subblock,
          nicolae_letter_subblock, nicolae_letter_subblock,
          nicolae_letter_subblock, nicolae_letter_subblock]
D:11:     layout_stronghold, erik_lair_dragon, slow_altar_1, uniq_gastronok
Temple:   mainiacjoe_temple_big_plus
Lair:1:   layout_cave_shapes, lemuel_fruit_fields, grunt_megastairs_2,
          uniq_harold
Lair:2:   layout_regular_city, dreamdust_mushroom_princess, serial_bayou_pond_d,
          lemuel_centaur_altar, serial_bayou_shore_a
Lair:3:   layout_misc_corridors, minmay_shoals_entry_beasts,
          minmay_snake_entry_guardpost_small, uniq_rupert

Skill      XL: |  1  2  3  4  5  6  7  8  9 10 11 12 13 |
---------------+----------------------------------------+-----
Ranged Weapons | 5 7 8 9 11 13 15 16 | 16.0
Fighting       | 3 4 5 6 8 10 11 | 11.7
Armour         | 1 2 3 4 5 |  5.0
Dodging        | 2 4 5 6 |  6.0
Invocations    | 2 4 8 10 | 10.0
Stealth        | |  1.1

Action                     |  1- 3 |  4- 6 |  7- 9 | 10-12 | 13-15 || total
---------------------------+-------+-------+-------+-------+-------++-------
   Fire: Shortbow          |    90 |   181 |   194 |       |       ||   465
         Orcbow            |       |       |   133 |  1311 |   283 ||  1727
 Invoke: Heroism           |       |       |     9 |    34 |     5 ||    48
         Finesse           |       |       |       |       |     2 ||     2
    Use: Scroll            |     8 |     6 |     4 |    10 |     1 ||    29
         Potion            |     1 |       |     1 |     5 |     1 ||     8
 Armour: Leather armour    |     4 |       |       |   183 |       ||   187
         Ring mail         |     4 |    62 |    98 |    64 |       ||   228
         Troll leather arm |       |       |       |   220 |    96 ||   316
  Dodge: Dodged            |    15 |    95 |   120 |   649 |   148 ||  1027
  Block: Other             |       |       |    43 |   169 |    38 ||   250

Table legend:
 A = Non-vault XP
 B = Vault XP
 C = Vault XP percentage of total XP
 D = Non-vault monster count
 E = Vault monster count
 F = Vault count percentage of total count
                 A         B        C        D         E       F
            +---------+---------+-------+---------+---------+-------
      Total |   26737 |   13999 |  34.4 |     262 |     114 |  30.3
            +---------+---------+-------+---------+---------+-------
        D:1 |      16 |       0 |   0.0 |      10 |       0 |   0.0
        D:2 |      60 |       0 |   0.0 |      18 |       0 |   0.0
        D:3 |     105 |     290 |  73.4 |      12 |       1 |   7.7
        D:4 |      89 |       0 |   0.0 |      19 |       0 |   0.0
        D:5 |     645 |     214 |  24.9 |      13 |       2 |  13.3
        D:6 |    1366 |    1340 |  49.5 |      15 |       7 |  31.8
        D:7 |    1605 |    2742 |  63.1 |      32 |      23 |  41.8
        D:8 |    1473 |       0 |   0.0 |      30 |       0 |   0.0
        D:9 |    2953 |     886 |  23.1 |      28 |      32 |  53.3
       D:10 |    1137 |    1355 |  54.4 |      15 |       2 |  11.8
       D:11 |    5316 |    2787 |  34.4 |      16 |       7 |  30.4
     Lair:1 |    2888 |    1434 |  33.2 |      13 |       3 |  18.8
     Lair:2 |    6381 |     452 |   6.6 |      28 |       4 |  12.5
     Lair:3 |    2703 |    1448 |  34.9 |      13 |       6 |  31.6
    Ossuary |       0 |    1051 | 100.0 |       0 |      27 | 100.0
            +---------+---------+-------+---------+---------+-------
